 Dungeon Crawl Stone Soup version 0.25.0-9-g26727b657a (webtiles) character file.

Game seed: 17307056713036916824

161 Breghan the Caller (level 5, -2/29 HPs)
             Began as a Vampire Summoner on June 17, 2020.
             Was an Initiate of Nemelex Xobeh.
             Engulfed by a cloud of blessed fire (31 damage)
             ... on level 3 of the Dungeon.
             The game lasted 00:43:27 (2815 turns).

Breghan the Caller (Vampire Summoner)               Turns: 2815, Time: 00:43:28

Health: -2/29      AC:  5    Str:  7    XL:     5   Next: 18%
Magic:  8/8        EV: 10    Int: 18    God:    Nemelex Xobeh [......]
Gold:   77         SH:  0    Dex: 15    Spells: 2/8 levels left

rFire    . . .     SeeInvis +   a - +0 hand axe
rCold    + + .     Gourm    .   (no shield)
rNeg     + + +     Faith    .   e - +0 ring mail
rPois    ∞         Spirit   .   (no helmet)
rElec    .         Reflect  .   (no cloak)
rCorr    .         Harm     .   (no gloves)
MR       .....                  (no boots)
Stlth    ++........             (no amulet)
HPRegen  0.09/turn              l - ring of stealth
MPRegen  0.11/turn              m - ring of flight

@: bloodless, glowing
A: no food, fangs 3, see invisible, unbreathing
a: Bat Form, Revivify, Draw Escape, Draw Destruction, Draw Summoning, Renounce
Religion, Evoke Flight


You were on level 3 of the Dungeon.
You worshipped Nemelex Xobeh.
Nemelex Xobeh was noncommittal.
You were bloodless.

You visited 1 branch of the dungeon, and saw 3 of its levels.

You collected 77 gold pieces.

Inventory:

Hand Weapons
 a - a +0 hand axe (weapon)
 b - a +0 hunting sling
Missiles
 h - 64 stones
 j - 29 poisoned darts
 p - 14 arrows
 q - 3 javelins (quivered)
Armour
 e - a +0 ring mail (worn)
Jewellery
 k - an uncursed ring of poison resistance
 l - a ring of stealth (left hand)
 m - a ring of flight (right hand)
Scrolls
 c - 2 scrolls of fear
 d - a scroll of magic mapping
 o - 2 scrolls of teleportation
Potions
 f - a potion of brilliance
 g - a potion of stabbing
 i - 2 potions of curing
 n - a potion of degeneration {unknown}
 r - 2 potions of heal wounds {unknown}


   Skills:
 + Level 1.0 Fighting
 + Level 2.0 Axes
 + Level 0.8 Throwing
 + Level 1.0 Armour
 + Level 2.4 Dodging
 + Level 4.2 Stealth
 + Level 2.4 Spellcasting
 + Level 4.5 Summonings


You had 2 spell levels left.
You knew the following spells:

 Your Spells              Type           Power        Failure   Level  Hunger
a - Summon Small Mammal   Summ           ###.         10%         1    N/A
b - Call Imp              Summ           ###.....     14%         2    N/A
c - Call Canine Familiar  Summ           ###.....     28%         3    N/A

Your spell library contained the following spells:

 Spells                   Type           Power        Failure   Level  Hunger
 Summon Guardian Golem    Hex/Summ       ##......     56%         3    N/A
 Summon Ice Beast         Ice/Summ       ##......     93%         4    N/A
 Summon Lightning Spire   Summ/Air       ##......     93%         4    N/A

Dungeon Overview and Level Annotations

Branches:
Dungeon (3/15)

Altars:
Fedhas
Nemelex Xobeh
Yredelemnul
The Shining One


Innate Abilities, Weirdness & Mutations

You do not eat.
You do not regenerate when monsters are visible.
You are frail without blood (-20% HP).
You can heal yourself when you bite living creatures.
You are immune to poison.
You have razor-sharp teeth.
You have supernaturally acute eyesight. (SInv)
You can survive without breathing.


Message History

You hit the adder.
The adder is almost dead.
The adder bites you but does no damage.
Your crimson imp hits the adder.
The adder dies!
Your Armour skill increases to level 1!
Things that are here:
an adder corpse; a frilled lizard corpse You swap places.
There is a glowing golden altar of the Shining One here.
Your crimson imp disappears in a puff of smoke!
Really walk into a travel-excluded area?
You are engulfed in blessed fire.
You see here a short runed staff.
You start resting.
HP restored.
Really walk into a travel-excluded area?
You are engulfed in blessed fire.
Ouch! That really hurt!
You die...
Your body disappears without additional glow.

****************,,,,,,....#,,,,*
,* *,,,,,,,,,,*,,,,,,....#,,*,*
,** *,,,,,,,,,,*,,,,,,,...*,,*,*
,,* *,,,,,,,,,,****,,,*#.#*,,,,*
,,***,,,,,,,**** ****##.##*****
,,,,,,,,,,,,*##########...#######
,,*,,,*,,,,,*###§.§.§.#...#.°.☼.§
,***,***,****#A#._...÷'...'...._.
,,*,,,*,,*** ###@.§.§.#...#.°.☼.§
,,,,_,,,,,,**##########...#######
,,*,,,*,,,*,*******#####.#####
,***,***,,,*,*,*,*.#.#.#.#.#.#
,,*,,,*,,,*,*,*,*,#.#.#.#.##.#
,,,,,,,,,*,*.#,*,*,#.#.#.#.#.#
*,*,*,*,*,*.#.#,*,*,#.#.#.##.#
,*,*,*,*,*.#.#.#,*,#.#.#.#.#.#
*,*,*,*.#.#.#.#.#,#.#.#.#.##.#


You could see an angel.

Vanquished Creatures
  A howler monkey (D:2)
  4 adders
  A worm (D:2)
  2 dart slugs
  2 leopard geckos
  8 giant cockroaches
  6 goblins
  9 hobgoblins
  5 kobolds
  A quokka (D:3)
  3 bats
  5 frilled lizards
  7 rats
54 creatures vanquished.

Vanquished Creatures (collateral kills)
  2 adders
  An ooze (D:2)
  2 worms (D:2)
  A dart slug (D:2)
  2 goblins (D:1)
  A bat (D:2)
  A frilled lizard (D:1)
  2 kobolds
  2 rats (D:1)
14 creatures vanquished.

Grand Total: 68 creatures vanquished

Notes
Turn   | Place    | Note
-------+----------+-------------------------------------------
     0 | D:1      | Breghan the Vampire Summoner began the quest for the Orb.
     0 | D:1      | Reached XP level 1. HP: 13/13 MP: 3/3
   278 | D:1      | Reached XP level 2. HP: 18/19 MP: 3/5
   696 | D:2      | Reached XP level 3. HP: 20/24 MP: 1/6
   743 | D:2      | You fall into a shaft and drop 1 floor!
   772 | D:2      | Learned a level 3 spell: Call Canine Familiar
   822 | D:2      | Reached skill level 1 in Axes
   871 | D:2      | Reached XP level 4. HP: 8/31 MP: 7/7
   875 | D:2      | Learned a level 2 spell: Call Imp
  1245 | D:2      | Reached skill level 1 in Fighting
  1264 | D:2      | Found a sparkling altar of Nemelex Xobeh.
  1285 | D:2      | Became a worshipper of Nemelex Xobeh the Trickster
  1564 | D:2      | Found a blossoming altar of Fedhas.
  1593 | D:2      | Received a gift from Nemelex Xobeh
  2066 | D:3      | Reached XP level 5. HP: 13/29 MP: 6/8
  2586 | D:3      | Found a basalt altar of Yredelemnul.
  2588 | D:3      | Noticed a profane servitor
  2601 | D:3      | Found a glowing golden altar of the Shining One.
  2605 | D:3      | Noticed an angel
  2611 | D:3      | Reached skill level 1 in Armour
  2815 | D:3      | Engulfed by a cloud of blessed fire

Illustrated notes

Levels and vault maps discovered:
D:1:      minmay_arrival_statue_studded, layout_rooms,
          hangedman_abyss_or_decor_stabs, chequers_garden
D:2:      layout_loops_cross, lemuel_doored_altar, fedhas_ov_isle_minmay,
          serial_forest, infiniplex_forest_clump_curved,
          infiniplex_forest_straight_2, infiniplex_forest_end_1,
          infiniplex_forest_end_1, infiniplex_forest_fountain,
          infiniplex_forest_zigzag_1, first_ration
D:3:      layout_basic, grunt_temple_overflow_holy_war, vehumet_crystals,
          item_on_display_a

Skill      XL: |  1  2  3  4  5 |
---------------+----------------+-----
Axes           | 1 2 |  2.0
Fighting       | 1 |  1.0
Stealth        | 4 |  4.2
Armour         | 1 |  1.0
Throwing       | |  0.8
Dodging        | |  2.4
Spellcasting   | |  2.4
Summonings     | |  4.5

Action                   |  1- 3 |  4- 6 || total
-------------------------+-------+-------++-------
Melee: Dagger            |    15 |       ||    15
       Hand axe          |    96 |   111 ||   207
       Unarmed           |     4 |       ||     4
       Bite              |     3 |     9 ||    12
 Fire: Hunting sling     |     6 |       ||     6
Throw: Dart              |    14 |    18 ||    32
       Javelin           |       |    10 ||    10
       Stone             |       |     1 ||     1
 Cast: Summon Small Mamm |    16 |     1 ||    17
       Call Imp          |       |     5 ||     5
 Abil: Exsanguinate      |       |     1 ||     1
  Use: Scroll            |       |     7 ||     7
 Stab: Sleeping          |     5 |     8 ||    13
Armor: Robe              |    18 |       ||    18
       Ring mail         |    17 |    42 ||    59
Dodge: Dodged            |    70 |    68 ||   138
